 Dungeon Crawl Stone Soup version 0.32-a0-411-g744942f433 (console) character file.

Game seed: 18214971749253703639

3 zenocrate the Sneak (level 1, 0/14 HPs)
             Began as a Kobold Delver on Feb 20, 2024.
             Incinerated by a bombardier beetle (4 damage)
             ... with a burning spray
             ... on level 4 of the Dungeon.
             The game lasted 00:00:18 (110 turns).

zenocrate the Sneak (Kobold Delver)                  Turns: 110, Time: 00:00:19

Health: 0/14       AC:  3    Str:  9    XL:     1   Next: 55%
Magic:  1/1        EV: 14    Int: 11    God:
Gold:   29         SH:  0    Dex: 16    Spells: 0/0 levels left

rFire   . . .        a - +0 short sword
rCold   . . .        (no shield)
rNeg    . . .        b - +0 leather armour
rPois   .            (no helmet)
rElec   .            (no cloak)
rCorr   .            (no gloves)
SInv    .            (no boots)
Will    .....        (no amulet)
Stlth   ++           (no ring)
HPRegen 0.22/turn    (no ring)
MPRegen 0.07/turn

%: no passive effects
@: on fire, glowing
A: small, no large weapons, nightstalker 3
a: no special abilities


You were on level 4 of the Dungeon.
You visited 1 branch of the dungeon, and saw 2 of its levels.

You collected 29 gold pieces.

Inventory:

Hand Weapons
 a - a +0 short sword (weapon)
Armour
 b - a +0 leather armour (worn)
Wands
 g - a wand of digging (3)
Scrolls
 c - a scroll of fog
 d - a scroll of revelation
 h - a scroll of vulnerability {unknown}
 i - a scroll of noise {unknown}
Potions
 f - a potion of haste


   Skills:
 + Level 3.3 Fighting
 + Level 2.8 Short Blades
 + Level 2.5 Dodging
 + Level 6.6 Stealth


You couldn't memorise any spells.
You didn't know any spells.
Your spell library was empty.

Dungeon Overview and Level Annotations

Branches:
Dungeon (5/15)
 Temple: D:4-7

Altars:

Annotations:
D:4 Dowan, Duvessa


Innate Abilities, Weirdness & Mutations

You are small and have problems with some larger weapons.
You are completely attuned to the shadows.


Message History

There is a stone staircase leading up here.
You climb upwards.
There is a stone staircase leading down here.
You open the door.
There is an open door here.
A ball python comes into view.
A ball python comes into view.
The helpless ball python fails to defend itself.
You impale the ball python!!
You kill the ball python!
A ball python is nearby!
The helpless ball python fails to defend itself.
You impale the ball python!!
You kill the ball python!
No target in view!
Found a stone staircase leading down.
No target in view!
There is a stone staircase leading down here.
Found a flail.
h - a scroll labelled YMAPNU OPIDEAKK No target in view!
i - a scroll labelled SOIGIKK LEHY No target in view!
Duvessa, Sister of Dowan comes into view.
She is wielding a +0 short sword.
Dowan and a bombardier beetle come into view.
Dowan is wielding a +0 dagger and wearing a +2 robe of willpower.
Found a whip.
Dowan shouts!
Duvessa shouts!
Duvessa hits you with a +0 short sword!
Ouch! That really hurt!
* * * LOW HITPOINT WARNING * * *
The bombardier beetle sprays incendiary fluid at you.
The burning spray hits you.
You are covered in liquid fire!
Okay, then.
As you read the scroll of fear, it crumbles to dust.
You assume a fearsome visage.
Duvessa looks frightened!
Dowan looks frightened!
The bombardier beetle looks frightened!
The liquid fire burns you!
You die...

......#.###
........#
........#
........#
#####.#.#
#.....#
#.#.###
#.#.# #.#.#
.####...#
.e.e@..##
##.##.## ).
..# . ..#
B#


You could see Duvessa (fleeing), Dowan (fleeing) and a bombardier beetle
(fleeing).

Vanquished Creatures
  2 ball pythons (D:4)
2 creatures vanquished.

Notes
Turn   | Place    | Note
-------+----------+-------------------------------------------
     0 | D:5      | zenocrate the Kobold Delver began the quest for the Orb.
     0 | D:5      | Reached XP level 1. HP: 14/14 MP: 1/1
     6 | D:5      | Noticed a black bear
   108 | D:4      | Noticed Duvessa
   109 | D:4      | Noticed Dowan
   109 | D:4      | Noticed a bombardier beetle
   110 | D:4      | Incinerated by a bombardier beetle

Illustrated notes

Levels and vault maps discovered:
D:4:      layout_basic, mainiacjoe_overflow_big_doors, serial_shops, shop, shop,
          grunt_decor_mini_mirrors, minmay_misc_feat_four_crosses, uniq_duvessa,
          uniq_sigmund
D:5:      layout_cave_pools, mainiacjoe_overflow_alcove_2,
          nicolae_vehumet_altar_sigil, nicolae_nh_oracle_at_delphi, uniq_grinder

Action                     || total
---------------------------++-------
  Melee: Short sword       ||     2
    Use: Scroll            ||     1
   Stab: Sleeping          ||     2
 Armour: Leather armour    ||     1

Table legend: (Time is in decaauts)
 A = Elapsed time spent in this place.
 B = Non-inter-level travel time spent in this place.
 C = Inter-level travel time spent in this place.
 D = Time resting spent in this place.
 E = Time spent auto-exploring this place.
 F = Levels seen in this place.
 G = Mean time per level.
                   A        B        C        D        E       F      G
               +--------+--------+--------+--------+--------+-----+--------+
         Total |    109 |    109 |      0 |      0 |     83 |   2 |   54.5 |
       Dungeon |    109 |    109 |      0 |      0 |     83 |   2 |   54.5 |
               +--------+--------+--------+--------+--------+-----+--------+

Top non-repeatable levels by time:
     D:4: 92 daAuts
     D:5: 17 daAuts
